Map: Dusk Towers

Players

Dayshi - Winner!

  • Race: Terran Terran
  • League: Grandmaster

Nerchio

  • Race: Zerg Zerg
  • League: Grandmaster

Event: 2016 WCS Winter Challenger Europe

VOD

https://www.youtube.com/watch?v=nlK6AE3jcbE

Description

Time

  • Played on: Feb. 13, 2016, 12:14 p.m.
  • Length: 23:20

All games in this series

Show
View Real Time Build Order
Export as new Build Order

Dayshi Terran - Winner!

Build Orders: Reaper Expand, Hellion Banshee, MMM Bio 

Get SALT Encoding   

  12  0:01  SCV  
  13  0:13  SCV  
  14  0:17  Supply Depot  
  14  0:25  SCV  
  15  0:39  SCV  
  15  0:40  Barracks  
  16  0:43  Refinery  
  16  0:51  SCV  
  17  1:03  SCV  
  18  1:15  SCV  
  19  1:27  Reaper, Orbital Command  
  20  1:39  Command Center  
  20  1:47  Supply Depot  
  20  1:53  SCV  
  21  1:58  Marine  
  22  2:02  Factory  
  22  2:13  SCV  
  23  2:17  Refinery  
  23  2:20  Barracks Reactor  
  23  2:25  SCV  
  24  2:38  SCV  
  25  2:50  SCV  
  26  2:53  Orbital Command  
  26  2:54  Starport  
  26  3:02  SCV  
  27  3:06  Barracks Tech Lab  
  27  3:07  Hellion x2  
  31  3:14  SCV  
  32  3:21  SCV  
  32  3:26  SCV  
  33  3:31  Command Center  
  33  3:36  SCV  
  33  3:37  Cloaking Field  
  33  3:38  Banshee  
  33  3:41  SCV  
  38  3:44  Supply Depot  
  38  3:46  Barracks Tech Lab  
  38  3:52  Hellion  
  38  3:54  Hellion  
  42  4:00  SCV  
  39  4:03  SCV  
  39  4:04  Marine  
  39  4:05  Stimpack  
  39  4:09  Supply Depot  
  41  4:12  SCV  
  41  4:15  Hellion x2  
  46  4:18  SCV  
  48  4:24  SCV  
  48  4:30  Banshee, SCV  
  52  4:36  SCV  
  54  4:42  Barracks x2  
  54  4:45  SCV  
  56  4:46  Orbital Command  
  56  4:49  Factory Reactor  
  56  4:50  SCV  
  56  4:52  Marine  
  56  4:57  SCV  
  56  4:59  Engineering Bay  
  57  5:00  Engineering Bay  
  57  5:04  SCV  
  57  5:05  Refinery  
  57  5:06  Refinery  
  58  5:09  SCV  
  58  5:12  Orbital Command  
  59  5:16  SCV  
  60  5:23  SCV, Starport Reactor  
  60  5:25  Marine  
  60  5:26  Barracks  
  60  5:27  Barracks  
  60  5:28  SCV, Marine  
  63  5:29  Marine  
  65  5:36  Supply Depot, SCV  
  65  5:38  SCV  
  65  5:40  SCV, Marine x2  
  70  5:43  Marine  
  70  5:46  Marine x2  
  70  5:48  SCV  
  74  5:50  SCV  
  74  5:52  SCV  
  74  5:53  Supply Depot x2, Terran Infantry Weapons Level 1, Terran Infantry Armor Level 1  
  76  6:00  Medivac x2  
  80  6:04  Factory Reactor  
  80  6:08  Marine x4  
  80  6:10  SCV  
  85  6:15  Supply Depot, SCV x2  
  85  6:16  Supply Depot  
  85  6:17  Barracks Reactor  
  85  6:18  Barracks Reactor  
  87  6:19  Combat Shields  
  87  6:22  SCV  
  87  6:25  Liberator  
  88  6:26  Marine  
  88  6:27  Liberator, SCV x2, Marine x3  
  88  6:29  Missile Turret  
  88  6:31  Missile Turret  
  94  6:34  SCV  
  94  6:37  Marine  
  94  6:39  SCV  
  97  6:44  Marine  
  97  6:45  Marine  
  105  6:49  SCV x2  
  105  6:51  Armory  
  105  6:53  SCV  
  108  6:54  Supply Depot  
  108  6:58  Marine x3  
  111  7:01  SCV x2  
  111  7:04  Marine x4  
  117  7:15  Widow Mine x2, Marine  
  117  7:16  SCV x3  
  125  7:23  Marauder  
  125  7:26  Marine  
  125  7:27  Marine  
  125  7:28  Marine  
  125  7:32  Marine x2  
  125  7:33  SCV  
  125  7:35  SCV, Marine x2  
  125  7:36  SCV, Marine  
  125  7:38  Liberator x2  
  125  7:43  Marine  
  120  7:44  Widow Mine x2, Marine  
  125  7:54  Supply Depot x2  
  125  7:55  Terran Infantry Weapons Level 2, Marine x2  
  125  7:56  Terran Infantry Armor Level 2  
  125  7:57  Marine x3  
  133  7:58  Marine  
  133  7:59  SCV x2  
  133  8:05  Refinery x2  
  133  8:08  Marine x2  
  133  8:11  Marine  
  122  8:13  Widow Mine x2, Marine x2  
  122  8:18  Marine x3  
  129  8:24  Command Center, Marine  
  129  8:26  Marine  
  131  8:32  Marine x3  
  133  8:35  SCV x2  
  133  8:38  Medivac x2  
  133  8:39  Marine x2  
  133  8:40  Marine  
  141  8:41  Widow Mine x2  
  141  8:45  Marine x3  
  148  8:49  Marine x2  
  148  8:50  Marine  
  148  8:52  Supply Depot  
  148  8:54  Supply Depot  
  148  8:55  Missile Turret  
  151  9:00  Barracks  
  151  9:03  Barracks  
  151  9:09  Marauder, Concussive Shells, Marine  
  154  9:10  Supply Depot  
  154  9:11  Barracks  
  144  9:25  Marine x3  
  144  9:26  Medivac  
  144  9:27  Medivac  
  144  9:28  Marine x5  
  144  9:30  Marauder  
  113  9:42  Liberator x2  
  113  9:43  Marine x3  
  113  9:45  Command Center  
  100  9:46  Marine x2  
  100  9:48  Marine x3  
  100  9:52  Marauder  
  103  9:53  Barracks Tech Lab x2  
  103  9:58  Barracks Tech Lab  
  103  9:59  Ghost Academy  
  108  10:00  Marine  
  108  10:01  Missile Turret, Marine  
  108  10:05  Widow Mine x2  
  114  10:07  Marine x4  
  114  10:11  Orbital Command  
  119  10:16  Marauder x2, Missile Turret  
  119  10:21  Marauder x2  
  126  10:25  Marine  
  126  10:27  Marine x6  
  131  10:31  Terran Infantry Weapons Level 3  
  131  10:35  Widow Mine x2  
  131  10:41  Terran Ship Weapons Level 1, Terran Infantry Armor Level 3  
  131  10:42  Ghost  
  137  10:48  Ghost x2  
  141  10:50  Liberator x2  
  141  10:54  Refinery x2  
  141  10:56  Orbital Command  
  141  10:57  Ghost  
  141  11:03  Marine  
  141  11:04  Marine x2  
  144  11:06  Marine x2  
  144  11:08  Widow Mine  
  144  11:09  Widow Mine  
  159  11:11  Marauder  
  159  11:17  Marauder  
  161  11:24  Command Center  
  161  11:25  Ghost x2  
  161  11:32  Ghost  
  165  11:37  Liberator x2, Marine x4  
  165  11:38  Ghost  
  163  11:48  Command Center  
  163  11:53  Ghost  
  153  11:58  Personal Cloaking  
  161  12:06  Ghost, Marine x3  
  161  12:07  Marine x3  
  165  12:14  Marauder x2, Marine  
  168  12:18  Marine  
  167  12:23  Marauder  
  167  12:24  Marine x3  
  167  12:25  Marine x2  
  173  12:35  Ghost, Marauder  
  173  12:36  Marauder, Marine x2  
  177  12:40  Viking x2  
  177  12:43  Ghost  
  183  12:47  Marine  
  183  12:50  Marine  
  185  12:56  Ghost  
  185  12:58  Marauder  
  179  13:01  Marine x2  
  179  13:02  Marine x2  
  179  13:04  Marauder  
  183  13:07  Liberator  
  183  13:12  Ghost  
  185  13:16  Marine  
  185  13:18  Ghost  
  177  13:23  Marine x3  
  177  13:24  Marine x3  
  177  13:25  Marauder  
  177  13:26  Marauder  
  176  13:35  Marine  
  176  13:38  Marine  
  176  13:41  Marauder, Marine x4  
  179  13:46  Ghost, Marauder  
  179  13:47  Ghost  
  178  13:52  Marine x2  
  148  14:02  Ghost  
  139  14:07  Ghost  
  137  14:11  Marine  
  137  14:15  Ghost x2  
  137  14:16  Marine  
  137  14:17  Marine  
  140  14:23  Liberator x2  
  138  14:26  Marine x2  
  138  14:29  Marine  
  138  14:30  Ghost  
  132  14:36  Marauder  
  131  14:38  Planetary Fortress  
  131  14:44  Marauder  
  139  14:52  Marine x3  
  140  14:53  Marauder, Marine  
  140  14:56  Nuke  
  140  14:58  Refinery  
  143  15:03  Refinery  
  143  15:04  Marauder  
  143  15:05  Marauder  
  147  15:08  Sensor Tower  
  147  15:12  Starport  
  147  15:14  Terran Ship Weapons Level 2  
  147  15:16  Marine  
  146  15:23  Medivac x2  
  146  15:25  Marine x3  
  146  15:26  Marauder, Marine x2  
  155  15:45  Ghost x3  
  155  15:46  Marine x5  
  166  15:52  Marine x3  
  166  15:53  Marauder  
  176  16:02  Planetary Fortress  
  176  16:03  Marine x2  
  178  16:05  Marine x2  
  178  16:09  Marine  
  178  16:10  Marine  
  182  16:12  Marine x2  
  182  16:13  Widow Mine x2  
  182  16:16  Starport Reactor  
  188  16:24  Refinery x2  
  188  16:26  Marine x3  
  188  16:27  Marine  
  188  16:32  Viking x2  
  190  16:46  Ghost  
  190  16:53  Ghost x2  
  191  17:21  Marauder x2  
  190  17:23  Marauder x2  
  186  17:39  Marine x2  
  186  17:40  Widow Mine x2  
  186  17:41  Ghost x2  
  186  17:43  Ghost x2  
  187  17:54  Marine x2  
  180  18:10  Ghost  
  180  18:11  Marauder, Liberator x2  
  180  18:12  Ghost x2, Liberator x2  
  174  18:27  Marine x5  
  174  18:31  Ghost  
  174  18:33  Marine  
  174  18:34  Marine  
  195  18:38  Ghost  
  195  18:40  Ghost x2  
  185  18:45  Marine  
  162  18:54  Liberator  
  162  18:55  Liberator  
  144  19:00  Ghost  
  140  19:07  Ghost  
  140  19:09  Ghost x2  
  145  19:11  Medivac x2, Widow Mine x2, Marine x3  
  162  19:24  Marine x3  
  143  19:28  Ghost  
  148  19:36  Ghost  
  148  19:37  Ghost x2, Liberator  
  154  19:40  Nuke  
  154  19:41  Liberator, Medivac x2, Marine  
  159  19:47  Marine x5  
  161  19:53  Widow Mine x2  
  161  19:54  Liberator  
  161  19:58  Marauder  
  173  20:05  Marauder, Liberator  
  173  20:06  Ghost, Marine x2  
  173  20:07  Marauder  
  180  20:10  Marine x4  
  184  20:18  Ghost  
  184  20:20  Liberator  
  185  20:23  Widow Mine  
  185  20:24  Widow Mine  
  185  20:25  Terran Vehicle And Ship Armor Level 1  
  185  20:26  Marauder  
  185  20:27  Ghost  
  194  20:32  Marine x3  
  194  20:34  Ghost  
  198  20:47  Ghost  
  198  20:48  Ghost  
  200  21:03  Ghost  
  200  21:06  Ghost  
  196  21:19  Command Center  
  189  21:40  Ghost x3  
  189  21:41  Ghost, Marine x3  
  189  21:42  Marine x4  
  189  21:43  Marine  
  164  21:59  Marine x5  
  164  22:00  Marine  
  150  22:09  Ghost x2  
  150  22:10  Marauder  
  150  22:12  Widow Mine x2  
  160  22:18  Liberator x3  
  160  22:22  Ghost  
  143  22:23  Marine x2  
  139  22:30  Ghost  
  139  22:33  Marine x3  
  151  22:37  Ghost  
  151  22:38  Marauder  
  151  22:40  Marine x2  
  151  22:43  Marine  
  151  22:44  Marine  
  155  22:50  Ghost  
Show
View Real Time Build Order
Export as new Build Order

Nerchio Zerg 

Build Orders: Hatch First 

Get SALT Encoding   

  12  0:01  Drone  
  13  0:12  Overlord  
  13  0:17  Drone  
  14  0:30  Drone x2  
  14  0:34  Drone  
  17  0:52  Hatchery  
  17  0:56  Drone  
  17  0:58  Drone  
  17  1:02  Extractor  
  17  1:14  Spawning Pool  
  17  1:17  Drone  
  17  1:20  Drone  
  18  1:28  Drone  
  19  1:38  Overlord  
  19  1:53  Drone  
  20  2:01  Zergling x2, Queen  
  20  2:04  Queen  
  20  2:05  Metabolic Boost  
  25  2:11  Zergling x2  
  25  2:14  Drone  
  27  2:16  Drone  
  28  2:25  Drone  
  28  2:26  Drone  
  30  2:32  Drone  
  28  2:44  Hatchery  
  28  2:47  Drone x2  
  28  2:50  Drone  
  30  2:53  Drone  
  31  2:58  Zergling x2  
  31  3:02  Queen  
  34  3:06  Zergling x2  
  34  3:10  Overlord  
  34  3:12  Zergling x2  
  35  3:22  Drone  
  36  3:28  Drone x5  
  41  3:35  Overlord  
  41  3:37  Roach Warren  
  40  3:44  Zergling x2, Extractor  
  40  3:45  Drone  
  41  3:48  Overlord  
  41  3:58  Drone x4  
  41  3:59  Drone  
  41  4:00  Drone  
  46  4:05  Drone  
  47  4:13  Drone x3  
  47  4:14  Drone x2  
  52  4:18  Queen  
  52  4:20  Lair  
  52  4:24  Overlord  
  54  4:27  Spore Crawler  
  54  4:29  Spore Crawler  
  51  4:31  Drone  
  51  4:33  Drone  
  51  4:35  Drone  
  51  4:37  Drone x2  
  56  4:41  Drone, Extractor  
  56  4:42  Extractor  
  56  4:43  Drone  
  56  4:44  Drone  
  57  4:51  Spore Crawler  
  56  4:53  Drone x4  
  56  4:54  Drone  
  61  5:00  Roach x2  
  61  5:03  Overlord  
  61  5:06  Extractor  
  61  5:15  Drone  
  61  5:16  Drone x5  
  67  5:23  Spire, Drone  
  67  5:24  Drone  
  67  5:25  Drone  
  67  5:27  Drone  
  70  5:29  Drone  
  70  5:30  Drone  
  70  5:32  Drone  
  70  5:34  Drone  
  74  5:35  Overseer  
  74  5:38  Drone x2  
  74  5:42  Overlord  
  76  5:43  Drone  
  76  5:45  Drone  
  76  5:46  Drone  
  78  5:50  Glial Reconstitution  
  78  5:53  Drone x2, Extractor  
  78  5:55  Overlord  
  79  5:57  Overlord  
  79  6:00  Overlord  
  77  6:16  Drone  
  77  6:17  Roach x5  
  88  6:21  Roach x2  
  88  6:23  Overlord  
  92  6:30  Drone x3  
  94  6:34  Hatchery  
  94  6:36  Drone  
  94  6:37  Roach x4  
  94  6:38  Overlord  
  100  6:44  Evolution Chamber  
  100  6:45  Drone, Evolution Chamber  
  99  6:53  Roach  
  99  6:54  Roach x3  
  107  6:58  Roach x2  
  107  6:59  Roach  
  107  7:01  Overlord  
  112  7:06  Overlord x2  
  110  7:23  Mutalisk x7  
  110  7:26  Mutalisk x3  
  126  7:30  Mutalisk x2  
  126  7:32  Mutalisk  
  126  7:37  Zerg Melee Weapons Level 1  
  126  7:38  Zerg Ground Armor Level 1  
  124  7:45  Roach  
  124  7:46  Roach x3  
  131  7:52  Roach x2  
  131  7:53  Roach  
  131  7:54  Infestation Pit  
  134  8:04  Roach x6  
  146  8:13  Drone x6  
  146  8:16  Overlord x2  
  146  8:18  Overlord  
  146  8:19  Overlord  
  152  8:23  Overlord  
  152  8:32  Overlord  
  152  8:34  Overlord  
  152  8:39  Hive  
  152  8:40  Infestor x3  
  154  8:43  Roach x2  
  156  8:52  Drone x3  
  156  8:53  Ravager  
  156  8:54  Ravager  
  156  8:55  Roach x3  
  167  8:57  Roach  
  167  8:59  Roach  
  167  9:00  Roach  
  173  9:05  Ravager  
  173  9:07  Roach  
  173  9:08  Overlord x2  
  173  9:09  Overlord  
  176  9:10  Overlord  
  176  9:12  Overlord  
  172  9:19  Roach x2  
  172  9:23  Roach x3  
  176  9:29  Roach  
  176  9:30  Roach x2  
  176  9:31  Roach  
  172  9:34  Roach  
  172  9:35  Roach  
  172  9:36  Roach x2  
  172  9:37  Roach  
  163  9:45  Roach x4  
  171  9:46  Roach  
  171  9:51  Drone x2  
  171  9:52  Drone  
  176  9:54  Extractor  
  176  9:55  Extractor  
  176  9:59  Overseer  
  174  10:00  Roach x3  
  174  10:01  Queen  
  174  10:03  Infestor  
  182  10:08  Zerg Ground Armor Level 2  
  182  10:10  Drone  
  183  10:14  Overseer  
  183  10:19  Overlord x2  
  183  10:20  Drone x2  
  183  10:21  Drone  
  186  10:24  Hatchery, Ravager  
  186  10:25  Ravager  
  187  10:29  Zerg Melee Weapons Level 2  
  187  10:32  Pneumatized Carapace  
  187  10:45  Queen  
  189  10:58  Ravager x3  
  189  10:59  Ravager  
  189  11:01  Ravager x2  
  189  11:02  Ravager  
  196  11:10  Ultralisk Cavern  
  195  11:29  Hatchery  
  194  11:35  Overlord  
  192  11:54  Extractor  
  191  11:56  Chitinous Plating  
  189  12:36  Ultralisk x2  
  191  12:37  Ultralisk  
  197  12:46  Infestor, Hatchery  
  191  12:51  Ultralisk  
  191  12:52  Corruptor  
  191  12:53  Ultralisk  
  191  12:58  Zergling x16, Adrenal Glands  
  195  12:59  Zerg Ground Armor Level 3, Zerg Melee Weapons Level 3  
  195  13:02  Ultralisk  
  167  13:22  Zergling x2  
  167  13:23  Zergling x28  
  167  13:26  Zergling x4  
  167  13:27  Zergling x34  
  168  13:30  Ultralisk x4  
  168  13:33  Zergling x12  
  178  13:38  Zergling x16  
  176  13:48  Zergling x4  
  162  13:52  Corruptor x3  
  151  13:57  Corruptor x2  
  151  13:58  Corruptor, Extractor  
  151  13:59  Corruptor, Extractor  
  151  14:02  Ravager  
  146  14:03  Overseer  
  146  14:07  Zergling x6  
  146  14:08  Zergling x2  
  140  14:11  Corruptor  
  140  14:12  Queen  
  140  14:14  Corruptor  
  144  14:17  Spore Crawler  
  137  14:25  Corruptor  
  137  14:26  Corruptor  
  137  14:30  Zergling x10  
  143  14:31  Zergling x2  
  143  14:33  Drone  
  143  14:34  Drone  
  143  14:37  Drone x2  
  148  14:42  Overseer  
  148  14:52  Drone x4  
  148  15:08  Zergling x8  
  148  15:09  Ultralisk Cavern, Zergling x16  
  148  15:12  Overseer  
  148  15:13  Overseer  
  159  15:16  Zergling x2  
  159  15:17  Zergling x6  
  159  15:18  Zergling x2  
  164  15:27  Infestor x3  
  170  15:35  Drone  
  170  15:37  Extractor  
  170  15:40  Zerg Flyer Armor Level 1  
  168  15:46  Overseer  
  168  15:49  Infestor x2  
  167  15:54  Overseer  
  169  16:05  Ultralisk x2  
  169  16:06  Ultralisk  
  167  16:19  Ultralisk  
  173  16:29  Ultralisk  
  173  16:30  Drone  
  180  16:34  Drone  
  180  16:35  Overseer  
  180  16:38  Drone  
  180  16:39  Drone  
  181  16:42  Drone  
  181  16:50  Drone x4  
  185  16:57  Drone x2  
  185  16:59  Extractor  
  185  17:00  Drone  
  175  17:09  Ultralisk  
  179  17:21  Ultralisk  
  178  17:30  Zergling x10  
  178  17:35  Zergling x4  
  180  17:40  Infestor x2  
  179  17:46  Drone x2  
  180  17:52  Greater Spire  
  171  18:08  Ultralisk x2  
  171  18:11  Infestor x2  
  180  18:20  Zergling x12  
  180  18:21  Drone  
  180  18:23  Drone  
  161  18:41  Ultralisk  
  161  18:42  Ultralisk  
  161  18:43  Zergling x6  
  161  18:44  Zergling x2  
  170  18:55  Zergling x18  
  174  18:56  Zergling x2  
  174  18:59  Zergling x4  
  178  19:06  Overseer x3  
  179  19:10  Zergling x10  
  149  19:28  Hatchery  
  149  19:29  Drone x2  
  148  19:34  Infestor  
  150  19:56  Ultralisk  
  150  19:57  Zergling x20  
  166  20:05  Zergling x22  
  166  20:06  Zergling x2  
  173  20:21  Infestation Pit  
  170  20:26  Drone x4  
  172  20:29  Queen x2  
  172  20:32  Infestor  
  172  20:33  Overlord  
  172  20:46  Infestor  
  172  20:48  Overlord x2  
  174  20:51  Pathogen Glands, Extractor  
  166  21:11  Drone x3  
  151  21:20  Ultralisk, Extractor  
  156  21:27  Drone x2  
  157  21:39  Corruptor x3  
  133  21:41  Zergling x2  
  133  21:42  Zergling x16  
  133  21:44  Zergling x10  
  128  21:48  Zergling x2  
  128  21:50  Zergling x2  
  128  21:51  Zergling x12  
  126  21:55  Zergling x4  
  126  21:56  Zergling x2  
  126  22:00  Drone x2  
  116  22:19  Drone  
  116  22:20  Drone x8  
  117  22:23  Drone  
  117  22:25  Drone x2  
  87  22:32  Drone  
  87  22:33  Drone  
  89  22:50  Brood Lord x2  
  93  22:51  Corruptor x2  
Tags
 
Add a new tag
Caveats
  • Supply blocks, unpowered buildings, or Contaminate may cause inaccurate times.
  • Supply counts are checked every 10 seconds.